 Dungeon Crawl Stone Soup version 0.17-a0-2122-g03d97ec (webtiles) character file.

168 Ordine the Ruffian (level 5, 17/53 HPs)
             Began as a Troll Monk on Oct 21, 2015.
             Quit the game on level 5 of the Dungeon.
             The game lasted 00:06:29 (1849 turns).

Ordine the Ruffian (Troll Monk)                     Turns: 1849, Time: 00:06:30

Health: 17/53      AC:  7    Str: 19    XL:     5   Next: 23%
Magic:  4/4        EV: 11    Int:  6    God:
Gold:   89         SH:  0    Dex: 13    Spells: 0 memorised, 4 levels left

rFire  . . .     SeeInvis .       - Unarmed
rCold  . . .     Clarity  .     a - +1 robe
rNeg   . . .     SustAt   .     (no shield)
rPois  .         Gourm    +     (helmet restricted)
rElec  .         Spirit   .     g - +0 cloak
rCorr  .         Warding  .     (gloves unavailable)
rMut   .         Stasis   .     (boots unavailable)
MR     .....                    (no amulet)
Stlth  +.........               (no ring)
                                (no ring)

@: not resistant to hostile enchantments, very unstealthy
A: unfitting armour, claws 3, fast metabolism 3, gourmand, regeneration 2,
shaggy fur 1, tough skin 2
a: no special abilities


You were on level 5 of the Dungeon.
You were very full.

You visited 1 branch of the dungeon, and saw 5 of its levels.

You collected 89 gold pieces.

Inventory:

Missiles
 e - 70 stones (quivered)
Armour
 a - a +1 robe (worn)
 g - a +0 cloak (worn)
Scrolls
 h - 3 scrolls of remove curse
 k - a scroll of amnesia
Books
 l - a book of Geomancy

   Spells                             Type                      Level
   a - Sandblast                      Earth                        1
   b - Stoneskin                      Transmutation/Earth          2
   c - Passwall                       Transmutation/Earth          3
   d - Stone Arrow                    Conjuration/Earth            3
   e - Petrify                        Transmutation/Earth          4
   f - Lee's Rapid Deconstruction     Earth                        5
Comestibles
 b - 3 bread rations
 c - 4 chunks of flesh
 d - 3 fruits
 f - a meat ration
 i - a beef jerky
 j - a slice of pizza


   Skills:
 + Level 3.1 Fighting
 + Level 3.3 Dodging
 - Level 1.1 Stealth
 * Level 5.4 Unarmed Combat


You had 4 spell levels left.
You didn't know any spells.

Dungeon Overview and Level Annotations

Branches:
Dungeon (6/15)
 Temple: D:4-7

Altars:
Ru

Annotations:
D:5 Pikel; comborobin's ghost, amateur HOSu


Innate Abilities, Weirdness & Mutations

You are too large for most types of armour.
You have claws for hands.
Your metabolism is lightning-fast.
You like to eat raw meat.
You heal very quickly.
You are covered in fur (AC +1).
You have very tough skin (AC +2).


Message History

Comborobin's ghost casts a spell.
The orc hits you but does no damage. The quokka bites you.
The crimson imp barely misses you.
Found a scroll of identify.
The quokka barely misses you. The centaur zombie misses you.
The crimson imp hits you but does no damage.
Comborobin's ghost casts a spell.
The centaur zombie hits you but does no damage.
The crimson imp blinks!
The crimson imp grins evilly.
The crimson imp hits you. The centaur zombie hits you. The slave hits you.
The centaur zombie hits you.
* * * LOW HITPOINT WARNING * * *
The crimson imp blinks!
The crimson imp sputters.
The centaur zombie hits you but does no damage.
The crimson imp blinks! x2
The crimson imp blinks!
Are you sure you want to abandon this character and quit the game? (Confirm with "yes".)

###########
#.........#
#.........#
#...@.....#
#..oZp....# #######
#.........# #.....#
#..r......# #.....# .
#...5...5.# #.....##.
##§r.W.....# #.....##.
#...?5..?..# #.....##.
#..r...#######.....##.
#......'>..p.5........


You could see a slave, comborobin's ghost, 3 crimson imps, an orc, a centaur
zombie, a quokka and 2 rats.

Vanquished Creatures
  Blork the orc (D:5)
  A hound zombie (D:5)
  2 adders (D:2)
  2 oozes (D:2)
  A giant gecko (D:2)
  2 orcs
  3 bats
  A giant cockroach (D:2)
  5 hobgoblins
  14 jackals
  2 kobolds
  A quokka (D:3)
  3 giant newts
  10 goblins
  3 rats
51 creatures vanquished.

Notes
Turn   | Place    | Note
--------------------------------------------------------------
     0 | D:1      | Ordine the Troll Monk began the quest for the Orb.
     0 | D:1      | Reached XP level 1. HP: 22/22 MP: 0/0
   415 | D:1      | Reached XP level 2. HP: 27/29 MP: 1/1
   717 | D:2      | Found a sacrificial altar of Ru.
   861 | D:2      | Reached XP level 3. HP: 31/36 MP: 2/2
  1271 | D:2      | Reached XP level 4. HP: 42/44 MP: 3/3
  1646 | D:3      | You fall through a shaft for 3 floors!
  1686 | D:5      | Entered Level 5 of the Dungeon
  1753 | D:5      | Reached skill level 5 in Unarmed Combat
  1761 | D:5      | Noticed Blork the orc
  1775 | D:5      | Killed Blork the orc
  1775 | D:5      | Reached XP level 5. HP: 49/53 MP: 4/4
  1781 | D:5      | Noticed Pikel
  1781 | D:5      | Noticed a slave
  1781 | D:5      | Noticed a slave
  1782 | D:5      | Noticed a slave
  1824 | D:5      | Noticed comborobin's ghost (amateur HOSu)
  1849 | D:5      | Quit the game

Vault maps used:
D:1:      minmay_arrival_three_doors
D:2:      lemuel_crystal_altar, minmay_strange_pillars
D:3:      first_bread, minmay_rats_cheesy_pizza
D:5:      minmay_misc_feat_rows, uniq_pikel, uniq_blork_the_orc
D:6:      lemuel_round_altar, overflow_temple_1_default, uniq_duvessa,
          uniq_crazy_yiuf_cottage

Action                   |  1- 3 |  4- 6 || total
-------------------------+-------+-------++-------
Melee: Unarmed           |    87 |    36 ||   123
  Use: Scroll            |     6 |     3 ||     9
 Stab: Sleeping          |     3 |     2 ||     5
  Eat: Chunk             |    16 |     4 ||    20
